 Dungeon Crawl Stone Soup version 0.27.1-33-g824d729ab1 (webtiles) character file.

Game seed: 14508626126963836656

450 Ichi the Cudgeller (level 6, 0/84 HPs)
             Began as a Minotaur Berserker on Nov 27, 2021.
             Was a Priest of Trog.
             Succumbed to a scorpion's poison
             ... on level 5 of the Dungeon.
             The game lasted 00:44:25 (5153 turns).

Ichi the Cudgeller (Minotaur Berserker)             Turns: 5153, Time: 00:44:25

Health: 0/84       AC:  0    Str: 24    XL:     6   Next: 74%
Magic:  14/14      EV: 12    Int:  4    God:    Trog [***...]
Gold:   253        SH:  0    Dex:  9    Spells: 5/5 levels left

rFire    . . .     SeeInvis .   d - +1 flail
rCold    . . .     Faith    .   (no shield)
rNeg     . . .     Spirit   .   (no armour)
rPois    .         Reflect  .   (helmet restricted)
rElec    .         Harm     .   (no cloak)
rCorr    .         Rampage  .   (no gloves)
Will     .....                  (no boots)
Stlth    ..........             (no amulet)
HPRegen  0.24/turn              b - ring of magical power
MPRegen  0.14/turn              (no ring)

@: berserking (expiring), lethally poisoned (0 -> -13), very quick
A: horns 2, retaliatory headbutt
a: Renounce Religion, Berserk, Trog's Hand


You were on level 5 of the Dungeon.
You worshipped Trog.
Trog was most pleased with you.
You visited 1 branch of the dungeon, and saw 5 of its levels.

You collected 253 gold pieces.

Inventory:

Hand Weapons
 d - a +1 flail (weapon)
 v - a +0 hand axe
Missiles
 n - 77 stones (quivered)
Armour
 m - a +1 ring mail
 u - a +0 scale mail
Jewellery
 b - a ring of magical power (left hand)
Scrolls
 c - a scroll of teleportation
 e - a scroll of identify
Potions
 a - 2 potions of brilliance
 f - 2 potions of degeneration {unknown}
 g - a potion of flight
 k - a potion of attraction {unknown}
 l - 3 potions of heal wounds
 s - 2 potions of might
 t - 3 potions of curing {unknown}


   Skills:
 + Level 5.2 Fighting
 + Level 6.8 Maces & Flails
 + Level 4.5 Armour
 + Level 3.0 Dodging
 + Level 0.6 Stealth


You had 5 spell levels left.
You didn't know any spells.
Your spell library was empty.

Dungeon Overview and Level Annotations

Branches:
Dungeon (5/15)
 Temple: D:4-7

Altars:
Makhleb

Shops:
D:1 *

Annotations:
D:1 1 exclusion


Innate Abilities, Weirdness & Mutations

You have a pair of horns on your head.
You reflexively headbutt those who attack you in melee.


Message History

You headbutt the bullfrog zombie!
You destroy the bullfrog zombie!
Trog accepts your kill. The scorpion stings you!
You hit the scorpion.
The scorpion is lightly wounded.
The scorpion closely misses you.
You hit the scorpion but do no damage.
The scorpion is lightly wounded.
The scorpion stings you! The scorpion stings you.
You are poisoned.
The scorpion poisons you!
You hit the scorpion. Your headbutt misses the scorpion.
The scorpion is moderately wounded.
You feel sick. The scorpion stings you.
You are more poisoned.
The scorpion poisons you!
A red film seems to cover your vision as you go berserk!
You feel yourself moving faster!
You feel mighty!
You feel very sick. The scorpion stings you!
* * * LOW HITPOINT WARNING * * *
You closely miss the scorpion.
The scorpion is moderately wounded.
You feel sick. The scorpion stings you!
* * * LOW HITPOINT WARNING * * *
You are more poisoned.
The scorpion poisons you!
You barely miss the scorpion. Your headbutt misses the scorpion.
The scorpion is moderately wounded.
* * * LOW HITPOINT WARNING * * *
You feel very sick. The scorpion misses you. You furiously retaliate!
You headbutt the scorpion. You barely miss the scorpion.
You headbutt the scorpion!
You kill the scorpion!
Trog accepts your kill.
* * * LOW HITPOINT WARNING * * *
You feel very sick.
You are too berserk!
You die...

#####
#...##
#....
####...
#...#.#
#.@####...
#........#
#..####...
#...#<#
##.##.# #.
#.# # #.#
... .#.


There were no monsters in sight!

Vanquished Creatures
  Sigmund (D:2)
  A scorpion (D:5)
  A bullfrog zombie (D:5)
  An orc priest (D:3)
  A centaur skeleton (D:4)
  Terence (D:2)
  A hound skeleton (D:4)
  4 gnolls (D:2)
  2 adders
  A howler monkey skeleton (D:4)
  3 dart slugs
  3 orcs (D:3)
  7 ball pythons
  6 endoplasms
  2 giant cockroaches
  6 goblins
  5 hobgoblins
  4 jackals
  4 quokkas
  6 bats
  6 frilled lizards
  9 kobolds
  3 rats
78 creatures vanquished.

Vanquished Creatures (others)
  7 plants (D:2)
7 creatures vanquished.

Grand Total: 85 creatures vanquished

Notes
Turn   | Place    | Note
-------+----------+-------------------------------------------
     0 | D:1      | Ichi the Minotaur Berserker began the quest for the Orb.
     0 | D:1      | Reached XP level 1. HP: 19/19 MP: 0/0
   293 | D:1      | Reached XP level 2. HP: 26/27 MP: 1/1
   509 | D:1      | Reached skill level 4 in Maces & Flails
   717 | D:1      | Found Wontim's General Store.
  1186 | D:1      | Reached ** piety under Trog
  1187 | D:1      | Reached XP level 3. HP: 33/33 MP: 2/2
  1499 | D:2      | Found a burning altar of Makhleb.
  1594 | D:2      | Noticed Sigmund
  1604 | D:2      | Killed Sigmund
  1605 | D:2      | Reached skill level 5 in Maces & Flails
  1605 | D:2      | Reached XP level 4. HP: 41/41 MP: 3/3
  1605 | D:2      | Reached XP level 5. HP: 47/47 MP: 4/4
  1682 | D:2      | Noticed Terence
  1687 | D:2      | Killed Terence
  1984 | D:2      | Found a faded altar of an unknown god.
  2101 | D:2      | Reached skill level 5 in Fighting
  2101 | D:2      | Reached skill level 6 in Maces & Flails
  3052 | D:3      | Reached XP level 6. HP: 56/56 MP: 5/5
  4130 | D:4      | Reached *** piety under Trog
  5138 | D:5      | Entered Level 5 of the Dungeon
  5152 | D:5      | HP: 2/84 [poisoned by a scorpion]
  5153 | D:5      | Succumbed to a scorpion's poison

Illustrated notes

Levels and vault maps discovered:
D:1:      minmay_arrival_three_doors, layout_basic, serial_shops, shop,
          minivault_19, hangedman_decor_lopped, minmay_tall_x
D:2:      layout_loops_ring, basic_altar, serial_rivers,
          chequers_serial_rivers_room_a, chequers_serial_rivers_marsh,
          chequers_serial_rivers_small_b, chequers_serial_rivers_room_b,
          chequers_serial_rivers_room_b, chequers_ecumenical_altar_lobes,
          uniq_terence, uniq_sigmund
D:3:      layout_loops_corners
D:4:      layout_cave_pools
D:5:      layout_loops_ring, serial_shops, nicolae_shop_waterfront,
          minmay_small_thing, uniq_ijyb

Skill      XL: |  1  2  3  4  5  6 |
---------------+-------------------+-----
Fighting       | 4 5 |  5.2
Maces & Flails | 4 5 6 |  6.8
Armour         | 3 4 |  4.5
Dodging        | 3 |  3.0
Stealth        | |  0.6

Action                   |  1- 3 |  4- 6 || total
-------------------------+-------+-------++-------
Melee: Mace              |    35 |       ||    35
       Headbutt          |     7 |    26 ||    33
       Flail             |    17 |   106 ||   123
Invok: Berserk           |     3 |     5 ||     8
  Use: Scroll            |     3 |     4 ||     7
       Potion            |       |     3 ||     3
 Stab: Sleeping          |       |     1 ||     1
Armor: Animal skin       |     2 |       ||     2
       Leather armour    |     6 |       ||     6
       Ring mail         |    15 |     2 ||    17
       Scale mail        |       |    14 ||    14
Dodge: Dodged            |    26 |    49 ||    75
